 Dungeon Crawl Stone Soup version 0.31-b1-17-gcfd88c8481 (webtiles) character file.

Game seed: 11924903249844362129

1854 groovy9 the Destroyer (level 8, -2/41 HPs)
             Began as a Deep Elf Conjurer on Jan 15, 2024.
             Was a Follower of Vehumet.
             Slain by a vampire
             ... wielding a +0 hand axe
              (9 damage)
             ... on level 6 of the Dungeon on Jan 16, 2024.
             The game lasted 00:22:46 (7482 turns).

groovy9 the Destroyer (Deep Elf Conjurer)           Turns: 7482, Time: 00:22:47

Health: -2/41      AC:  3    Str:  4    XL:     8   Next: 89%
Magic:  14/23      EV: 17    Int: 26    God:    Vehumet [*.....]
Gold:   318        SH:  0    Dex: 13    Spells: 14/25 levels left

rFire   . . .        h - staff of conjuration
rCold   . . .        (no shield)
rNeg    . . .        a - +0 robe
rPois   .            (no helmet)
rElec   .            v - scarf {repulsion}
rCorr   .            (no gloves)
SInv    +            r - +0 pair of boots
Will    .....        (no amulet)
Stlth   ++           k - +5 ring of evasion
HPRegen 0.26/turn    j - ring of see invisible
MPRegen 0.18/turn

%: repel missiles
@: no status effects
A: no striking features
a: Renounce Religion


You were on level 6 of the Dungeon.
You worshipped Vehumet.
Vehumet was aware of your devotion.
You visited 2 branches of the dungeon, and saw 7 of its levels.

You collected 395 gold pieces.
You spent 77 gold pieces at shops.

Inventory:

Missiles
 s - a throwing net
Armour
 a - a +0 robe (worn)
 r - a +0 pair of boots (worn)
 v - a scarf of repulsion (worn)
Magical Staves
 h - a staff of conjuration (weapon)
Jewellery
 e - an amulet of guardian spirit
 j - a ring of see invisible (right hand)
 k - a +5 ring of evasion (left hand)
Wands
 n - a wand of flame (12)
 t - a wand of roots (14)
Scrolls
 c - a scroll of amnesia
 f - 3 scrolls of enchant weapon
 o - 3 scrolls of teleportation
 q - a scroll of vulnerability {unknown}
 u - 2 scrolls of fear
 w - a scroll of blinking
Potions
 d - 3 potions of curing
 g - 5 potions of ambrosia
 i - 2 potions of cancellation
 l - 2 potions of might
 m - 3 potions of resistance
 p - a potion of brilliance


   Skills:
 - Level 2.4 Dodging
 - Level 2.4 Stealth
 + Level 9.2 Spellcasting
 * Level 11.2 Conjurations


You had 14 spell levels left.
You knew the following spells:

 Your Spells              Type           Power      Damage    Failure   Level
a - Magic Dart            Conj           100%       1d8       1%          1
b - Searing Ray           Conj           100%       2d8       1%          2
c - Fulminant Prism       Conj/Alch      29%        3d14      4%          4
d - Iskenderun's Mystic   Conj/Tloc      58%        2d12      4%          4

Your spell library contained the following spells:

 Spells                   Type           Power      Damage    Failure   Level
 Freeze                   Ice            48%        1d6       4%          1
 Stone Arrow              Conj/Erth      100%       3d13      1%          3
 Sandblast                Erth           24%        2d8       4%          1
 Brom's Barrelling Bould  Conj/Erth      58%        2d7       4%          4
 Flame Wave               Conj/Fire      58%        2d14      4%          4
 Inner Flame              Hex/Fire       12%        N/A       16%         3
 Passwall                 Erth           12%        N/A       16%         3
 Sticky Flame             Fire/Alch      12%        2d5       45%         4


Dungeon Overview and Level Annotations

Branches:
Dungeon (6/15)             Temple (1/1) D:5

Altars:
Ashenzari
Dithmenos
Elyvilon
Fedhas
Gozag
Hepliaklqana
Kikubaaqudgha
Makhleb
Nemelex Xobeh
Okawaru
Qazlal
Ru
Sif Muna
Trog
Uskayaw
Vehumet
Xom
Yredelemnul
Zin
The Shining One

Shops:
D:1 *   D:3 !


Message History

Confirm with . or Enter, or press ? or * to list all spells.
Aiming: Magic Dart (safe; 1% risk of failure)
Press: ? - help, Shift-Dir - straight line, f/p - vampire
Aim: a vampire, wielding a +0 hand axe (100% to hit)
You feel a surge of power!
The magic dart hits the vampire but does no damage.
Things that are here:
a +0 scimitar; a +0 robe
Items here: )) [[.
Casting: Magic Dart (safe; 1% risk of failure)
Confirm with . or Enter, or press ? or * to list all spells.
Aiming: Searing Ray (safe; 1% risk of failure)
Press: ? - help, Shift-Dir - straight line, f/p - vampire
Aim: a vampire, wielding a +0 hand axe (83% to hit)
You feel a surge of power!
The searing ray misses the vampire. (Press . to maintain the ray.)
The vampire casts a spell.
The vampire flickers and vanishes for a moment.
The searing ray hits the vampire!
The vampire is moderately damaged.
The searing ray hits the vampire but does no damage.
The vampire is moderately damaged.
The vampire casts a spell at you.
You are confused.
You're too confused to cast spells.
The vampire closely misses you. The vampire bites you!
The vampire draws strength from your injuries!
Unknown command.
You bump into the rock wall.
The vampire hits you with a +0 hand axe!
The vampire bites you!
* * * LOW HITPOINT WARNING * * *
The vampire draws strength from your injuries!
Okay, then.
You are too confused!
You feel better.
The vampire hits you with a +0 hand axe!
* * * LOW HITPOINT WARNING * * *
The vampire bites you!
You die...

#..###......##..##.#
#..# ##..##.)..###.#
#..# ##.##†.### #.#
.... #.##.## #.#
.##.. ..#..# ##.# .
... ....## #..# .
....##.. #.## . ...
##.# .#.. #@.# #.
#V## ..#.####)#
.#.....#)#
#..V†).÷)#
.......### ..#.?).
#..... #...###


You could see a vampire (invisible).

Vanquished Creatures
  An orc warrior (D:6)
  A sky beast (D:6)
  A centaur (D:6)
  2 phantoms
  A gnoll sergeant (D:6)
  2 scorpions
  5 wights (D:6)
  A howler monkey (D:6)
  3 bombardier beetles
  5 hounds
  An orc priest (D:5)
  A jelly (D:4)
  2 gnoll boudas
  Jessica (D:3)
  A sleepcap (D:6)
  4 iguanas
  2 orc wizards (D:3)
  17 gnolls
  9 adders
  2 ufetubi (D:6)
  3 dart slugs
  2 ribbon worms
  20 orcs
  8 ball pythons
  12 endoplasms
  4 giant cockroaches
  7 goblins
  9 hobgoblins
  4 jackals (D:1)
  7 quokkas
  6 bats
  3 frilled lizards
  13 kobolds
  9 rats
169 creatures vanquished.

Notes
Turn   | Place    | Note
-------+----------+-------------------------------------------
     0 | D:1      | groovy9 the Deep Elf Conjurer began the quest for the Orb.
     0 | D:1      | Reached XP level 1. HP: 10/10 MP: 6/6
   219 | D:1      | Reached XP level 2. HP: 15/15 MP: 4/8
   473 | D:1      | Reached skill level 5 in Conjurations
   620 | D:1      | Found Jeurr's General Store.
   696 | D:1      | Learned a level 2 spell: Searing Ray
   767 | D:1      | Reached XP level 3. HP: 19/19 MP: 8/10
   995 | D:1      | Found a faded altar of an unknown god.
  1540 | D:2      | Reached XP level 4. HP: 24/24 MP: 8/12
  1580 | D:2      | Learned a level 4 spell: Fulminant Prism
  1585 | D:2      | Learned a level 4 spell: Iskenderun's Mystic Blast
  2400 | D:3      | Found Pokit's Distillery.
  2408 | D:3      | Bought a potion of brilliance for 44 gold pieces
  2408 | D:3      | Bought a potion of curing for 33 gold pieces
  2577 | D:3      | Reached skill level 6 in Conjurations
  2739 | D:3      | Reached XP level 5. HP: 28/28 MP: 9/14
  2739 | D:3      | Noticed Jessica
  2742 | D:3      | Killed Jessica
  2821 | D:3      | Found an opulent altar of Gozag.
  2837 | D:3      | Noticed a phantom
  2845 | D:3      | Killed a phantom
  2846 | D:3      | Reached skill level 5 in Spellcasting
  3527 | D:4      | Reached skill level 7 in Conjurations
  3535 | D:4      | Reached XP level 6. HP: 32/32 MP: 5/16
  3741 | D:4      | Found a white marble altar of Elyvilon.
  4686 | D:4      | Reached skill level 8 in Conjurations
  4686 | D:4      | Reached XP level 7. HP: 36/36 MP: 8/18
  5036 | D:5      | Entered Level 5 of the Dungeon
  5442 | D:5      | Identified a scroll of acquirement
  5444 | D:5      | Acquired a staff of conjuration
  5829 | D:5      | Found a basalt altar of Yredelemnul.
  5859 | D:5      | Found a shadowy altar of Dithmenos.
  5953 | D:5      | Found a staircase to the Ecumenical Temple.
  5959 | D:5      | Reached skill level 9 in Conjurations
  5965 | Temple   | Entered the Ecumenical Temple
  6038 | Temple   | Became a worshipper of Vehumet
  6842 | D:6      | Reached XP level 8. HP: 25/41 MP: 11/21
  7102 | D:6      | Reached skill level 10 in Conjurations
  7280 | D:6      | Reached skill level 11 in Conjurations
  7338 | D:6      | Reached * piety under Vehumet
  7338 | D:6      | Offered knowledge of Freeze by Vehumet.
  7482 | D:6      | Slain by a vampire

Illustrated notes

Levels and vault maps discovered:
D:1:      lemuel_arrival_cross, layout_loops_cross, serial_rivers,
          chequers_serial_rivers_micro_d, chequers_serial_rivers_large_a,
          chequers_serial_rivers_micro_d, chequers_serial_rivers_micro_e,
          chequers_serial_rivers_micro_c,
          dreamdust_ecumenical_altar_angels_and_demons, serial_shops,
          nicolae_lakefront_shop
D:2:      layout_loops_ring
D:3:      layout_basic, grunt_gozag_breadcrumbs, serial_shops, shop,
          serial_park_tiny_1, uniq_jessica, uniq_crazy_yiuf_cottage
D:4:      layout_loops_ring, elyvilon_altar_1, minmay_vboxes
D:5:      layout_layer_cave, mainiacjoe_overflow_two_lobes, temple_doors_e
D:6:      cheibrodos_fzero, layout_rooms, palyth_stone_intersect,
          grunt_decor_fettered
Temple:   minmay_temple_bridge_d

Skill      XL: |  1  2  3  4  5  6  7  8 |
---------------+-------------------------+-----
Conjurations   | 5 6 7 8 9 11 | 11.2
Spellcasting   | 4 5 6 7 9 |  9.2
Dodging        | |  2.4
Stealth        | |  2.4

Action                     |  1- 3 |  4- 6 |  7- 9 || total
---------------------------+-------+-------+-------++-------
   Cast: Magic Dart        |    63 |   107 |    78 ||   248
         Searing Ray       |     8 |    30 |    39 ||    77
    Use: Scroll            |       |       |    11 ||    11
         Potion            |       |       |     2 ||     2
 Armour: Robe              |     2 |     3 |    14 ||    19
  Dodge: Dodged            |     3 |     7 |    28 ||    38
         Repelled          |       |       |     1 ||     1
